 Dungeon Crawl Stone Soup version 0.30.1-4-g462c640d31 (webtiles) character file.

Game seed: 8739821703542623488

567 Logoto the Firebug (level 7, -2/52 HPs)
             Began as a Hill Orc Fire Elementalist on Aug 25, 2023.
             Engulfed by a steam dragon's steam (12 damage)
             ... on level 5 of the Dungeon.
             The game lasted 00:10:36 (5090 turns).

Logoto the Firebug (Hill Orc Fire Elementalist)     Turns: 5090, Time: 00:10:36

Health: -2/52      AC:  8    Str: 13    XL:     7   Next: 33%
Magic:  11/12      EV: 11    Int: 15    God:
Gold:   246        SH:  0    Dex: 11    Spells: 9/12 levels left

rFire   . . .        v - +0 war axe
rCold   . . .        (no shield)
rNeg    . . .        k - +0 ring mail
rPois   .            (no helmet)
rElec   .            A - +1 cloak
rCorr   .            (no gloves)
SInv    .            w - +0 pair of boots
Will    .....        (no amulet) Stlth
                     (no ring)
HPRegen 0.28/turn    (no ring)
MPRegen 0.13/turn

%: no passive effects
@: confused
A: no striking features
a: no special abilities


You were on level 5 of the Dungeon.
You visited 1 branch of the dungeon, and saw 5 of its levels.

You collected 246 gold pieces.

Inventory:

Hand Weapons
 d - a +0 dagger
 h - a +0 trident
 o - a +3 flail
 v - a +0 war axe (weapon)
 y - a +4 quarterstaff of chaos
Armour
 a - a +0 robe
 k - a +0 ring mail (worn)
 w - a +0 pair of boots (worn)
 A - a +1 cloak (worn)
Jewellery
 g - a +6 ring of intelligence
 l - a ring of magical power
 m - a +5 ring of evasion
 n - a +6 ring of strength
 p - an amulet of the acrobat
Scrolls
 e - 5 scrolls of identify
 j - a scroll of fear {unknown}
 s - a scroll of immolation {unknown}
 t - a scroll of blinking {unknown}
 B - a scroll of teleportation {unknown}
Potions
 b - a potion of magic
 c - a potion of berserk rage {unknown}
 f - 2 potions of flight
 i - a potion of curing {unknown}
 q - a potion of heal wounds {unknown}
 r - a potion of resistance {unknown}
 u - a potion of brilliance {unknown}
 x - a potion of cancellation {unknown}
 z - a potion of degeneration {unknown}


   Skills:
 + Level 1.5 Fighting
 + Level 0.1 Short Blades
 + Level 1.7(2.4) Axes
 + Level 1.0(1.4) Maces & Flails
 + Level 1.6(1.9) Polearms
 + Level 3.0 Armour
 + Level 2.2 Dodging
 + Level 2.0 Stealth
 + Level 3.3 Spellcasting
 + Level 2.0 Conjurations
 + Level 5.0 Fire Magic


You had 9 spell levels left.
You knew the following spells:

 Your Spells              Type           Power      Damage    Failure   Level
a - Foxfire               Conj/Fire      52%        2x1d6     10%         1
b - Scorch                Fire           34%        2d6       8%          2

Your spell library contained the following spells:

 Spells                   Type           Power      Damage    Failure   Level
 Beastly Appendage        Tmut           4%         N/A       36%         1
 Sting                    Tmut/Pois      8%         1d3       36%         1
 Inner Flame              Hex/Fire       10%        N/A       38%         3
 Volatile Blastmotes      Fire/Tloc      20%        2d11      38%         3
 Poisonous Vapours        Pois/Air       4%         N/A       52%         2
 Wereblood                Tmut           2%         N/A       52%         2
 Flame Wave               Conj/Fire      13%        2d6       67%         4
 Sticky Flame             Conj/Fire      13%        2d4       67%         4
 Spider Form              Tmut/Pois      2%         N/A       75%         3
 Olgreb's Toxic Radiance  Pois           2%         N/A       98%         4


Dungeon Overview and Level Annotations

Branches:
Dungeon (5/15)
 Temple: D:4-7

Altars:
Kikubaaqudgha
Ru
Vehumet
Xom
Yredelemnul


Message History

The sleepcap is almost destroyed.
You barely miss the steam dragon. You hit the ice beast but do no damage.
You closely miss the orc priest.
You are engulfed in a cloud of scalding steam.
The ice beast hits you but does no damage.
The steam dragon bites you. The steam dragon closely misses you.
The sleepcap closely misses you. The orc priest barely misses you.
The orc priest shouts, "Beogh is our master!
Accept the truth or die!"
You hit the sleepcap but do no damage.
The sleepcap is almost destroyed.
You closely miss the ice beast. You completely miss the orc priest.
You barely miss the steam dragon. The ice beast barely misses you.
The steam dragon misses you.
The steam dragon claws you but does no damage.
The sleepcap closely misses you.
The orc priest hits you but does no damage.
You hit the sleepcap.
You destroy the sleepcap!
You barely miss the ice beast. You hit the orc priest.
You kill the orc priest!
You barely miss the steam dragon.
You hear some strange, mumbled words.
You are confused.
The ice beast hits you but does no damage.
The steam dragon closely misses you. The steam dragon claws you.
The orc barely misses you. The steam dragon breathes steam at you.
The ball of steam misses you.
The ice beast hits you but does no damage.
You hit the ice beast but do no damage. You barely miss something.
You closely miss the orc. You hit the steam dragon.
You are engulfed in a cloud of scalding steam.
* * * LOW HITPOINT WARNING * * *
The orc barely misses you.
The steam dragon bites you but does no damage.
The steam dragon claws you but does no damage.
The ice beast barely misses you.
You bump into the rock wall.
You are engulfed in a cloud of scalding steam.
You die...

......#... .........##
#.#.......#######
..........#.#...##
#......).........#
.............#...#
............###.###
..........o####...##
.......##...o{@.....#
.............oDY...##
<...................##
............##.......#
....................##
....>...........##.##
................####
........##....###
......##....###


You could see a steam dragon (catching breath), an ice beast and 3 orcs.

Vanquished Creatures
  An ogre (D:5)
  A scorpion (D:5)
  A howler monkey (D:4)
  An orc priest (D:5)
  Crazy Yiuf (D:4)
  3 hounds
  2 iguanas (D:4)
  2 sleepcaps
  Robin (D:4)
  6 adders
  A worm (D:5)
  6 dart slugs
  3 orcs (D:5)
  7 ball pythons
  4 endoplasms
  15 goblins
  10 hobgoblins
  9 jackals
  3 quokkas
  4 bats
  2 frilled lizards
  10 kobolds
  4 rats
97 creatures vanquished.

Vanquished Creatures (collateral kills)
  A foxfire (D:1)
1 creature vanquished.

Vanquished Creatures (others)
  A human (D:5)
  179 foxfires
180 creatures vanquished.

Grand Total: 278 creatures vanquished

Notes
Turn   | Place    | Note
-------+----------+-------------------------------------------
     0 | D:1      | Logoto the Hill Orc Fire Elementalist began the quest for
                  | the Orb.
     0 | D:1      | Reached XP level 1. HP: 14/14 MP: 3/3
   326 | D:1      | Reached XP level 2. HP: 20/20 MP: 4/4
   330 | D:1      | Learned a level 2 spell: Scorch
   458 | D:1      | Found a faded altar of an unknown god.
  1061 | D:2      | Reached XP level 3. HP: 26/26 MP: 1/5
  1337 | D:2      | Reached skill level 1 in Polearms
  1340 | D:2      | HP: 1/26 [poisoned by an adder]
  1781 | D:2      | Reached XP level 4. HP: 32/33 MP: 1/7
  2219 | D:3      | Reached skill level 1 in Armour
  2830 | D:3      | Reached XP level 5. HP: 13/39 MP: 0/8
  3130 | D:4      | Reached skill level 4 in Fire Magic
  3248 | D:4      | Reached skill level 1 in Fighting
  3402 | D:4      | Reached skill level 1 in Maces & Flails
  3576 | D:4      | Noticed Robin
  3587 | D:4      | Reached XP level 6. HP: 47/47 MP: 7/9
  4087 | D:4      | Killed Robin
  4418 | D:4      | Found a runed translucent door.
  4419 | D:4      | Noticed Crazy Yiuf
  4534 | D:4      | Killed Crazy Yiuf
  4535 | D:4      | Reached skill level 1 in Axes
  4696 | D:5      | Entered Level 5 of the Dungeon
  4696 | D:5      | Found an ancient bone altar of Kikubaaqudgha.
  4811 | D:5      | Noticed a human
  4814 | D:5      | Killed a human
  4823 | D:5      | Reached XP level 7. HP: 52/52 MP: 9/11
  4890 | D:5      | Found a shimmering altar of Xom.
  4891 | D:5      | Found a basalt altar of Yredelemnul.
  4892 | D:5      | Found a radiant altar of Vehumet.
  4893 | D:5      | Found a sacrificial altar of Ru.
  4935 | D:5      | Reached skill level 5 in Fire Magic
  5069 | D:5      | Noticed a steam dragon
  5090 | D:5      | Engulfed by a steam dragon's steam

Illustrated notes

Levels and vault maps discovered:
D:1:      kennysheep_arrival_forest, layout_rooms, shapermc_ecumenical_altar_gd
D:2:      layout_basic, kennysheep_cross_bottleneck, minmay_3d_cube
D:3:      layout_loops_cross
D:4:      layout_gridville, uniq_robin, uniq_crazy_yiuf_cottage
D:5:      layout_cave_pools, tgw_kikubaaqudgha, mainiacjoe_overflow_alcove_3,
          hangedman_decor_points

Skill      XL: |  1  2  3  4  5  6  7 |
---------------+----------------------+-----
Dodging        | 2 |  2.2
Spellcasting   | 2 3 |  3.3
Polearms       | 1 |  1.6
Armour         | 1 2 3 |  3.0
Stealth        | 2 |  2.0
Fire Magic     | 4 5 |  5.0
Fighting       | 1 |  1.5
Maces & Flails | 1 |  1.0
Axes           | 1 |  1.7
Conjurations   | 2 |  2.0
Short Blades   | |  0.1

Action                     |  1- 3 |  4- 6 |  7- 9 || total
---------------------------+-------+-------+-------++-------
  Melee: Dagger            |    20 |       |       ||    20
         Punch             |     2 |       |       ||     2
         Trident           |    72 |       |       ||    72
         Flail             |       |    39 |       ||    39
         War axe           |       |    26 |    13 ||    39
   Cast: Foxfire           |    34 |    81 |    11 ||   126
         Scorch            |     2 |    19 |     3 ||    24
    Use: Scroll            |       |     1 |       ||     1
   Stab: Sleeping          |       |     1 |       ||     1
 Armour: Robe              |    14 |       |       ||    14
         Ring mail         |    28 |    80 |    28 ||   136
  Dodge: Dodged            |    71 |    97 |    30 ||   198
